 Dungeon Crawl Stone Soup version 0.25-a0-474-ga8a2ee3166 (webtiles) character file.

Game seed: 4356252331781794540, levelgen mode: deterministic

3857 vurker the Zephyrmancer (level 9, 0/37 HPs)
             Began as a Felid Air Elementalist on Feb 7, 2020.
             Was a Believer of Vehumet.
             Slain by a hog (12 damage)
             ... on level 8 of the Dungeon.
             The game lasted 00:16:35 (13907 turns).

vurker the Zephyrmancer (Felid Air Elementalist)   Turns: 13907, Time: 00:16:36

Health: 0/37       AC:  2    Str:  4    XL:     9   Next: 99%
Magic:  11/21      EV: 19    Int: 19    God:    Vehumet [**....]
Gold:   61         SH:  0    Dex: 17    Spells: 13/23 levels left
                                        Lives:  0   Deaths: 2

rFire    . . .     SeeInvis +   (weapon unavailable)
rCold    + . .     Gourm    .   (shield unavailable)
rNeg     . . .     Faith    .   (armour unavailable)
rPois    .         Spirit   .   (helmet unavailable)
rElec    .         Reflect  .   (cloak unavailable)
rCorr    .         Harm     .   (gloves unavailable)
MR       +....                  (boots unavailable)
Stlth    +++.......             (no amulet)
HPRegen  0.12/turn              o - ring of protection from cold
MPRegen  0.17/turn              (no ring)

@: quick
A: very small, no armour, no weapons or thrown items, stealth, claws 1, fangs 3,
see invisible, carnivore, speed 1, shaggy fur 2, slow metabolism 1, sharp paws
a: Renounce Religion


You were on level 8 of the Dungeon.
You worshipped Vehumet.
Vehumet was pleased with you.
You were very full.

You visited 2 branches of the dungeon, and saw 10 of its levels.

You collected 380 gold pieces.
You spent 319 gold pieces at shops.

Inventory:

Jewellery
 o - a ring of protection from cold (left paw)
   (You found it on level 4 of the Dungeon)
Wands
 t - a wand of flame (20)
   (You found it on level 8 of the Dungeon)
 v - a wand of digging (7)
   (You found it on level 5 of the Dungeon)
Scrolls
 c - 2 scrolls of fog
 d - 8 scrolls of remove curse
 g - 5 scrolls of teleportation
 h - 4 scrolls of blinking
Potions
 a - 2 potions of haste
 b - a potion of heal wounds
 f - a potion of ambrosia
 i - a potion of resistance {unknown}
 j - 3 potions of brilliance
 l - a potion of invisibility
Comestibles
 e - 12 rations


   Skills:
 - Level 3.0 Fighting
 + Level 4.0 Dodging
 + Level 4.2 Stealth
 * Level 7.9 Spellcasting
 * Level 7.7 Conjurations
 * Level 8.3 Air Magic


You had 13 spell levels left.
You knew the following spells:

 Your Spells              Type           Power        Failure   Level  Hunger
a - Shock                 Conj/Air       ####         1%          1    None
b - Lightning Bolt        Conj/Air       #####.....   10%         5    #####..
c - Airstrike             Air            #####.....   3%          4    ###....

Your spell library contained the following spells:

 Spells                   Type           Power        Failure   Level  Hunger
 Magic Dart               Conj           ####         1%          1    None
 Static Discharge         Conj/Air       #####...     1%          3    None
 Swiftness                Chrm/Air       ###.....     2%          2    None
 Infusion                 Chrm           #...         10%         1    None
 Shroud of Golubria       Chrm/Tloc      #.....       14%         2    None
 Song of Slaying          Chrm           #.......     14%         2    None
 Confusing Touch          Hex            #.......     28%         3    None
 Gell's Gravitas          Tloc           #.........   28%         3    None
 Ozocubu's Armour         Chrm/Ice       #.......     28%         3    None
 Petrify                  Tmut/Erth      #.......     67%         4    ###....
 Metabolic Englaciation   Hex/Ice        #.........   95%         5    #####..
 Yara's Violent Unravell  Hex/Tmut       #.........   95%         5    #####..
 Spectral Weapon          Hex/Chrm       Unusable     N/A         3    N/A

Dungeon Overview and Level Annotations

Branches:
Dungeon (9/15)             Temple (1/1) D:5
   Lair: D:8-11         Orc: D:9-12

Altars:
Cheibriados
Dithmenos
Fedhas
Hepliaklqana
Makhleb
Nemelex Xobeh
Okawaru
Qazlal
Sif Muna
Trog
Uskayaw
Vehumet
Wu Jian
Xom
Yredelemnul
The Shining One
Jiyva

Shops:
D:8 :%[*

Annotations:
D:5 3 runed translucent doors, Torious's ghost, novice DECj
D:7 3 runed translucent doors, Esekla's ghost, novice DEWz
D:8 3 runed translucent doors, Error4North's ghost, novice HOFi


Innate Abilities, Weirdness & Mutations

You cannot wear armour.
You are incapable of wielding weapons or throwing items.
Your paws allow you to move quietly. (Stealth)
You have sharp claws.
You have razor-sharp teeth.
You have supernaturally acute eyesight. (SInv)
You are carnivorous and can eat meat at any time.
You cover ground quickly.
You are covered in thick fur. (AC +2)
You have a slow metabolism.
Your sharp claws are effective at attacking unaware monsters.


Message History

There is a stone staircase leading down here.
Aim: a hog (lightly wounded)
The air twists around and strikes the hog!
The hog barely misses you.
Aim: a hog (moderately wounded)
The air twists around and strikes the hog!
The hog misses you. x2
Aim: a hog (heavily wounded)
The air twists around and strikes the hog!
The hog misses you.
Aim: a hog (almost dead)
The air twists around and strikes the hog!
You kill the hog!
Vehumet accepts your kill.
Partly explored, can't reach some items.
You climb downwards.
The hog barely misses you. The hog bites you!
There is a stone staircase leading up, spattered with blood here.
The hog bites you. The hog misses you.
You climb upwards.
Level annotation: 3 runed translucent doors, Error4North's ghost, novice HOFi
There is a stone staircase leading down here.
Aim: a hog The air twists around and strikes the hog!
The hog barely misses you. The hog misses you. x2
Aim: a hog (heavily wounded)
The air twists around and strikes the hog!
The hog bites you.
* * * LOW HITPOINT WARNING * * *
The hog bites you.
* * * LOW HITPOINT WARNING * * *
Aim: a hog (severely wounded)
The air twists around and strikes the hog!
You kill the hog!
Vehumet accepts your kill.
Your Dodging skill increases to level 4!
The hog bites you!
* * * LOW HITPOINT WARNING * * *
The hog closely misses you. The hog misses you.
There is an open door here.
Things that are here:
a +0 dagger; a +0 chain mail; a +0 halberd
There is an open door here.
Things that are here:
11 stones; a +0 leather armour; a +0 short sword
Okay, then.
Aim: a hog The air twists around and strikes the hog!
The hog bites you!
You die...

.................#.......#.###...
#######.#####.##.#########.# ###'
#...........(##.#########.#####.
#.#.##.....∩....................
#.#......###..#.####.####.#####.
##.#.####.###....# ##'####.# #.
...#.# #.....#..# #.....#.# #.
####.# #######..# #.....#.# ##
##'###### ##@# #.....#.#
#.......######h# #.....#.# ###
#............#.###.....#.# #..
#............#...##'####+####.#
#............##..##........##.#
#.∩..........##............##.#
##'####......###.##........##.#
#.###........##(<#........##.)
#...'....≈)..'...#........###.


You could see a hog.

Vanquished Creatures
  A two-headed ogre (D:9)
  Maggie (D:7)
  A hornet (D:9)
  A hippogriff (D:9)
  Sigmund (D:4)
  2 hogs (D:8)
  A human (D:9)
  A hungry ghost (D:7)
  A phantom (D:6)
  An ice beast (D:8)
  2 orc warriors (D:8)
  5 sky beasts
  2 centaurs
  An ogre (D:6)
  A crocodile (D:9)
  A big kobold (D:7)
  2 bullfrogs
  Blork the orc (D:6)
  A water moccasin zombie (D:7)
  5 scorpions
  A howler monkey (D:6)
  2 jellies
  A bullfrog zombie (D:6)
  4 crimson imps
  3 hounds
  5 orc priests
  3 centaur skeletons
  11 orc wizards
  8 worker ants
  An iguana (D:6)
  Natasha (thrice) (D:2)
  8 adders
  A shadow imp (D:6)
  An ooze (D:2)
  An adder skeleton (D:5)
  A worm (D:6)
  2 dart slugs
  6 leopard geckos
  35 orcs
  A ball python (D:2)
  7 bats
  6 giant cockroaches
  9 goblins
  4 hobgoblins
  14 jackals
  8 kobolds
  4 quokkas
  3 frilled lizards
  A giant cockroach zombie (D:6)
  A leopard gecko skeleton (D:4)
  A leopard gecko zombie (D:5)
  A quokka skeleton (D:4)
  2 quokka zombies
  4 rats
195 creatures vanquished.

Notes
Turn   | Place    | Note
-------+----------+-------------------------------------------
     0 | D:1      | vurker the Felid Air Elementalist began the quest for the
                  | Orb.
     0 | D:1      | Reached XP level 1. HP: 7/7 MP: 4/4
    14 | D:1      | Reached skill level 1 in Conjurations
   270 | D:1      | Reached XP level 2. HP: 12/12 MP: 3/6
   707 | D:1      | Reached skill level 3 in Air Magic
   988 | D:1      | Reached XP level 3. HP: 2/15 MP: 0/7
  1587 | D:2      | Found a shadowy altar of Dithmenos.
  2302 | D:2      | Noticed Natasha
  2305 | D:2      | Killed Natasha
  2305 | D:2      | Reached skill level 1 in Fighting
  2305 | D:2      | Reached XP level 4. HP: 19/19 MP: 4/9
  2358 | D:2      | Noticed Natasha
  2365 | D:2      | Killed Natasha
  2374 | D:2      | Noticed Natasha
  2449 | D:2      | Killed Natasha
  2868 | D:2      | Found a shadowy altar of Dithmenos.
  3660 | D:3      | Found a bloodstained altar of Trog.
  3662 | D:3      | Reached XP level 5. HP: 22/22 MP: 8/10
  4004 | D:3      | Learned a level 5 spell: Lightning Bolt
  4009 | D:3      | Learned a level 4 spell: Airstrike
  4465 | D:4      | Reached skill level 4 in Air Magic
  4717 | D:4      | Gained mutation: You are covered in thick fur. (AC +2)
                  | [Felid growth]
  4717 | D:4      | Reached XP level 6. HP: 26/26 MP: 3/12
  4929 | D:4      | Found a blossoming altar of Fedhas.
  5019 | D:4      | Noticed Sigmund
  5028 | D:4      | Slain by Sigmund
  5029 | D:4      | Reached XP level 5. HP: -2/22 MP: 7/11
  5199 | D:4      | Killed Sigmund
  5199 | D:4      | Reached XP level 6. HP: 27/27 MP: 5/13
  5644 | D:5      | Entered Level 5 of the Dungeon
  5644 | D:5      | Noticed a sky beast
  5646 | D:5      | Killed a sky beast
  5711 | D:5      | Reached XP level 7. HP: 30/30 MP: 8/14
  5934 | D:5      | Found an ornate altar of the Wu Jian Council.
  5996 | D:5      | Reached skill level 5 in Air Magic
  6250 | D:5      | Noticed a +0 hand axe
  6251 | D:5      | Found a hide-covered altar of Uskayaw.
  6251 | D:5      | Noticed a +0 dagger
  6385 | D:5      | Found a staircase to the Ecumenical Temple.
  6443 | Temple   | Entered the Ecumenical Temple
  6447 | Temple   | Became a worshipper of Vehumet
  6679 | D:5      | Found a runed translucent gate.
  6679 | D:5      | Found a runed translucent gate.
  6679 | D:5      | Found a runed translucent gate.
  6680 | D:5      | Noticed Torious's ghost (novice DECj)
  7062 | D:5      | Reached skill level 5 in Spellcasting
  7400 | D:6      | Noticed Blork the orc
  7490 | D:6      | Reached XP level 8. HP: 24/34 MP: 1/16
  7636 | D:6      | Reached skill level 5 in Conjurations
  7750 | D:6      | Killed Blork the orc
  7750 | D:6      | Reached skill level 6 in Air Magic
  8701 | D:7      | Reached * piety under Vehumet
  8701 | D:7      | Offered knowledge of Foxfire by Vehumet.
  9315 | D:7      | Reached XP level 9. HP: 24/37 MP: 2/19
  9441 | D:7      | Noticed Maggie
  9998 | D:7      | Slain by Maggie
  9999 | D:7      | Reached XP level 8. HP: 0/34 MP: 7/18
  9999 | D:7      | Found a snail-covered altar of Cheibriados.
 10197 | D:7      | Found a shimmering altar of Xom.
 10285 | D:7      | Found a runed translucent gate.
 10285 | D:7      | Found a runed translucent gate.
 10286 | D:7      | Found a runed translucent gate.
 10286 | D:7      | Noticed Esekla's ghost (novice DEWz)
 10314 | D:7      | Found a burning altar of Makhleb.
 10319 | D:7      | Killed Maggie
 10319 | D:7      | Reached skill level 7 in Air Magic
 10521 | D:7      | Found a basalt altar of Yredelemnul.
 11263 | D:8      | Identified the cursed +1 hand axe "Ythreste" {elec, Str+3
                  | Dex+4}
 11342 | D:8      | Found an iron altar of Okawaru.
 11408 | D:8      | Reached ** piety under Vehumet
 11408 | D:8      | Offered knowledge of Magic Dart by Vehumet.
 11684 | D:8      | Found Wadghano's Assorted Antiques.
 11689 | D:8      | Bought a scroll labeled HYSCHOU BENOST for 29 gold pieces
 11689 | D:8      | Bought a scroll of identify for 58 gold pieces
 11689 | D:8      | Bought a scroll of teleportation for 87 gold pieces
 11689 | D:8      | Bought a glowing blue amulet for 145 gold pieces
 11982 | D:8      | Found a runed translucent gate.
 11982 | D:8      | Found a runed translucent gate.
 11982 | D:8      | Found a runed translucent gate.
 11982 | D:8      | Noticed a slime creature
 11982 | D:8      | Noticed Error4North's ghost (novice HOFi)
 11983 | D:8      | Found a viscous altar of Jiyva.
 12022 | D:8      | Reached XP level 9. HP: 37/37 MP: 4/20
 12397 | D:8      | Found Raeh's Book Emporium.
 12409 | D:8      | Found Fuhaggur's Antique Armour Shoppe.
 12428 | D:8      | Found Oblizaw's Food Emporium.
 12618 | D:8      | Found a stormy altar of Qazlal.
 12780 | D:9      | Noticed a two-headed ogre
 12786 | D:9      | Killed a two-headed ogre
 12786 | D:9      | Reached skill level 8 in Air Magic
 13474 | D:9      | Found a sparkling altar of Nemelex Xobeh.
 13907 | D:8      | Slain by a hog

Levels and vault maps discovered:
D:1:      grunt_arrival_crossed_arrows, layout_basic, serial_forest,
          infiniplex_forest_clump_diagonal, infiniplex_forest_side_room,
          infiniplex_forest_straight_5, infiniplex_forest_straight_4,
          infiniplex_forest_straight_3
D:2:      layout_basic, nicolae_dithmenos_shadow_blocks, uniq_natasha
D:3:      layout_rooms, old_standard_altar
D:4:      layout_basic, fedhas_ov_isle_minmay, minivault_25, uniq_sigmund
D:5:      layout_loops_corners, lemuel_crystal_altar, dancing_weapons_uskayaw,
          minmay_temple_entry_wispy, first_ration, gammafunk_ghost_split
D:6:      layout_rooms, enter_ossuary_2, uniq_blork_the_orc
D:7:      layout_rooms, overflow_temple_1_default,
          nicolae_overflow_crystal_walls, old_standard_altar,
          kennysheep_mini_moat, ebering_ghost_rock_garden, enter_bailey_3,
          uniq_maggie
D:8:      layout_basic, lemuel_round_altar, okawaru_ov_weapons_minmay,
          serial_shops, shop, nicolae_shop_stone, shop, shop,
          gammafunk_ghost_ooze
D:9:      layout_long_grid, grunt_livestock, roderic_lattice_a,
          nemelex_lonely_heart_becter
Temple:   pf_slimified_temple

Skill      XL: |  1  2  3  4  5  6  7  8  9 |
---------------+----------------------------+-----
Conjurations   | 1 2 3 4 7 |  7.7
Air Magic      | 3 4 5 7 8 |  8.3
Fighting       | 1 2 3 |  3.0
Spellcasting   | 3 4 5 7 |  7.9
Dodging        | 4 |  4.0
Stealth        | 4 |  4.2

Action                   |  1- 3 |  4- 6 |  7- 9 || total
-------------------------+-------+-------+-------++-------
Melee: Unarmed           |    36 |    12 |    14 ||    62
       Bite              |     1 |       |     1 ||     2
 Cast: Shock             |    83 |   129 |   227 ||   439
       Airstrike         |       |     2 |   111 ||   113
  Use: Scroll            |       |     7 |     8 ||    15
       Potion            |       |     3 |       ||     3
  Eat: Chunk             |    11 |    12 |    34 ||    57
Armor: Skin              |     2 |     1 |     1 ||     4
Dodge: Dodged            |    62 |    48 |    87 ||   197

Table legend:
 A = Non-vault XP
 B = Vault XP
 C = Vault XP percentage of total XP
 D = Non-vault monster count
 E = Vault monster count
 F = Vault count percentage of total count
                 A         B        C        D         E       F
            +---------+---------+-------+---------+---------+-------
      Total |    5891 |    1334 |  18.5 |     184 |      11 |   5.6
            +---------+---------+-------+---------+---------+-------
        D:1 |      50 |       0 |   0.0 |      27 |       0 |   0.0
        D:2 |     108 |      35 |  24.5 |      12 |       1 |   7.7
        D:3 |     112 |       0 |   0.0 |      15 |       0 |   0.0
        D:4 |     292 |     227 |  43.7 |      20 |       1 |   4.8
        D:5 |     785 |       0 |   0.0 |      21 |       0 |   0.0
        D:6 |     758 |      87 |  10.3 |      24 |       1 |   4.0
        D:7 |    1171 |     422 |  26.5 |      31 |       5 |  13.9
        D:8 |     738 |     381 |  34.0 |      22 |       2 |   8.3
        D:9 |    1877 |     182 |   8.8 |      12 |       1 |   7.7
            +---------+---------+-------+---------+---------+-------
